 Dungeon Crawl Stone Soup version 0.31-a0-538-gbc85326fa9 (webtiles) character file.

Game seed: 7267965160469664433

703 pokeman the Magician (level 7, -4/40 HPs)
             Began as a Deep Elf Hedge Wizard on Aug 14, 2023.
             Was a Believer of Vehumet.
             Killed by divine providence
             ... invoked by an orc priest
              (13 damage)
             ... on level 6 of the Dungeon.
             The game lasted 00:10:37 (5307 turns).

pokeman the Magician (Deep Elf Hedge Wizard)        Turns: 5307, Time: 00:10:38

Health: -4/40      AC:  3    Str:  7    XL:     7   Next: 39%
Magic:  16/20      EV: 13    Int: 27    God:    Vehumet [**....]
Gold:   231        SH:  0    Dex: 14    Spells: 4/21 levels left

rFire   . . .        a - +0 dagger
rCold   . . .        (no shield)
rNeg    . . .        b - +0 robe
rPois   .            x - +0 helmet
rElec   .            (no cloak)
rCorr   .            (no gloves)
SInv    .            (no boots)
Will    .....        (no amulet)
Stlth   ++           l - +6 ring of intelligence
HPRegen 0.26/turn    (no ring)
MPRegen 0.17/turn

%: no passive effects
@: no status effects
A: no striking features
a: Renounce Religion


You were on level 6 of the Dungeon.
You worshipped Vehumet.
Vehumet was pleased with you.
You visited 1 branch of the dungeon, and saw 6 of its levels.
You also visited: Sewer.

You collected 231 gold pieces.

Inventory:

Hand Weapons
 a - a +0 dagger (weapon)
Armour
 b - a +0 robe (worn)
 m - the +4 leather armour "Vyrr" {-Tele rElec Will+ Int+3}
   (You found it on level 2 of the Dungeon)

   Int+3:     It affects your intelligence (+3).
   rElec:     It insulates you from electricity.
   Will+:     It increases your willpower.
   -Tele:     It prevents most forms of teleportation.
 w - a +0 buckler
 x - a +0 helmet (worn)
Jewellery
 l - a +6 ring of intelligence (left hand)
 r - a ring of ice
Wands
 q - a wand of flame (27)
 s - a wand of digging (4)
Scrolls
 e - 10 scrolls of identify {unknown}
 f - 4 scrolls of poison {unknown}
 g - 2 scrolls of vulnerability {unknown}
 j - 3 scrolls of teleportation {unknown}
 k - 2 scrolls of noise {unknown}
 n - 2 scrolls of blinking {unknown}
 p - 3 scrolls of revelation {unknown}
 t - a scroll of fear {unknown}
Potions
 d - a potion of magic
 h - a potion of berserk rage {unknown}
 i - 4 potions of heal wounds {unknown}
 o - 3 potions of brilliance {unknown}
 u - a potion of curing {unknown}
 v - a potion of degeneration {unknown}


   Skills:
 - Level 2.0 Fighting
 - Level 1.0 Armour
 - Level 3.0 Dodging
 - Level 3.1 Stealth
 + Level 0.2 Shields
 * Level 7.9 Spellcasting
 + Level 3.8 Conjurations
 - Level 1.1 Summonings
 - Level 1.1 Translocations
 - Level 1.1 Transmutations
 + Level 2.7 Fire Magic
 - Level 1.0 Air Magic
 - Level 1.0 Poison Magic
 + Level 0.3 Evocations


You had 4 spell levels left.
You knew the following spells:

 Your Spells              Type           Power      Damage    Failure   Level
a - Magic Dart            Conj           100%       1d8       1%          1
b - Mephitic Cloud        Conj/Pois/Air  21%        N/A       7%          3
c - Call Imp              Summ           32%        N/A       4%          2
d - Blink                 Tloc           32%        N/A       4%          2
e - Foxfire               Conj/Fire      100%       2x1d9     1%          1
f - Ignite Poison         Fire/Tmut/Pois 19%        N/A       9%          3
g - Irradiate             Conj/Tmut      12%        3d15      47%         5

Your spell library contained the following spells:

 Spells                   Type           Power      Damage    Failure   Level
 Momentum Strike          Conj/Tloc      48%        3d9       3%          2
 Lesser Beckoning         Tloc           32%        N/A       4%          2
 Slow                     Hex            40%        N/A       5%          1
 Cigotuvi's Dreadful Rot  Necr/Pois/Air  28%        N/A       6%          2
 Passwall                 Tmut/Erth      10%        N/A       6%          2
 Ensorcelled Hibernation  Hex/Ice        20%        N/A       9%          2
 Sublimation of Blood     Necr           10%        N/A       9%          2
 Swiftness                Air            16%        N/A       11%         3
 Petrify                  Tmut/Erth      13%        N/A       38%         4
 Anguish                  Hex/Necr       5%         N/A       47%         4
 Freezing Cloud           Conj/Ice/Air   9%         6-21      58%         5


Dungeon Overview and Level Annotations

Branches:
Dungeon (6/15)              Sewer (visited)
 Temple: D:4-7

Altars:
Hepliaklqana
Nemelex Xobeh
Ru
Sif Muna
Trog
Vehumet


Message History

The orc is heavily wounded.
Unknown command.
Casting: Foxfire (safe; 1% risk of failure)
Confirm with . or Enter, or press ? or * to list all spells.
You conjure some foxfire!
Your foxfire dissipates!
Unknown command.
Casting: Foxfire (safe; 1% risk of failure)
Confirm with . or Enter, or press ? or * to list all spells.
You conjure some foxfire!
The foxfire hits the orc!
You kill the orc!
Vehumet accepts your kill.
You feel your power returning.
The foxfire hits the orc priest.
The orc priest is lightly wounded.
A puff of flame appears from out of thin air!
Deactivating autopickup; reactivate with Ctrl-A.
The puff of flame hits you!
Your magical contamination has completely faded away.
Casting: Foxfire (safe; 1% risk of failure)
Confirm with . or Enter, or press ? or * to list all spells.
You conjure some foxfire!
You are confused.
Unknown command.
You're too confused to cast spells.
Okay, then.
Unknown command.
Your foxfire dissipates! x2
The orc priest mumbles some strange prayers to Beogh against you.
Beogh smites you!
The foxfire hits something.
Unknown command.
The foxfire hits something but does no damage.
The orc priest mumbles some strange prayers to Beogh against you.
Pain shoots through your body!
* * * LOW HITPOINT WARNING * * *
Unknown command.
The orc priest looks satisfied for a moment.
You feel less confused.
The orc priest mumbles some strange prayers to Beogh against you.
Beogh smites you!
You die...

#...#......#
#....#.....#
##...#..####
#...#### .
#...## .8
##...# ##)..
#...###.o..8
#...........
#...@...)##
##........#
#..........#
#..........#
##..........
#..........
##.......##
...######
.#..


You could see an orc priest.

Vanquished Creatures
  Menkaure (D:5)
  A black bear (D:4)
  A hound (D:4)
  An orc priest (D:5)
  A gnoll bouda (D:4)
  Terence (D:3)
  Natasha (thrice) (D:3)
  2 orc wizards
  4 gnolls (D:4)
  8 adders
  3 river rats (Sewer)
  2 worms (D:2)
  15 orcs
  8 ball pythons
  8 endoplasms
  6 giant cockroaches
  5 goblins
  5 hobgoblins
  10 jackals
  3 quokkas
  2 bats (D:1)
  9 frilled lizards
  5 kobolds
  20 rats
124 creatures vanquished.

Vanquished Creatures (others)
  81 foxfires
81 creatures vanquished.

Grand Total: 205 creatures vanquished

Notes
Turn   | Place    | Note
-------+----------+-------------------------------------------
     0 | D:1      | pokeman the Deep Elf Hedge Wizard began the quest for the
                  | Orb.
     0 | D:1      | Reached XP level 1. HP: 10/10 MP: 7/7
   312 | D:1      | Reached XP level 2. HP: 15/15 MP: 4/9
  1153 | D:2      | Reached skill level 5 in Spellcasting
  1366 | D:2      | Reached XP level 3. HP: 20/20 MP: 9/11
  1379 | D:2      | Learned a level 3 spell: Mephitic Cloud
  1382 | D:2      | Learned a level 2 spell: Call Imp
  1385 | D:2      | Learned a level 2 spell: Blink
  1389 | D:2      | Learned a level 3 spell: Ignite Poison
  1701 | D:2      | Reached skill level 1 in Fighting
  1705 | D:2      | Reached skill level 1 in Armour
  1784 | D:2      | Identified the +4 leather armour "Vyrr" {-Tele rElec Will+
                  | Int+3}
  1829 | D:3      | Noticed Natasha
  1833 | D:3      | Killed Natasha
  1834 | D:3      | Reached XP level 4. HP: 25/25 MP: 5/13
  2392 | D:3      | Noticed Natasha
  2404 | D:3      | Killed Natasha
  2408 | D:3      | Noticed Terence
  2422 | D:3      | Killed Terence
  2423 | D:3      | Reached skill level 6 in Spellcasting
  2423 | D:3      | Reached XP level 5. HP: 29/29 MP: 5/15
  2503 | D:3      | Noticed Natasha
  2508 | D:3      | Killed Natasha
  2609 | D:3      | Found a radiant altar of Vehumet.
  2662 | D:3      | Became a worshipper of Vehumet
  2742 | D:3      | Found a shimmering blue altar of Sif Muna.
  3161 | D:4      | Found a sparkling altar of Nemelex Xobeh.
  3252 | D:4      | Found a glowing drain.
  3309 | Sewer    | Entered a sewer
  3348 | Sewer    | Reached skill level 1 in Fire Magic
  3397 | Sewer    | Reached * piety under Vehumet
  3397 | Sewer    | Offered knowledge of Freeze by Vehumet.
  3398 | Sewer    | Reached skill level 1 in Transmutations
  3398 | Sewer    | Reached skill level 1 in Poison Magic
  3532 | Sewer    | Reached skill level 1 in Air Magic
  3532 | Sewer    | Reached XP level 6. HP: 34/34 MP: 12/17
  4030 | D:4      | Reached skill level 7 in Spellcasting
  4203 | D:4      | Reached ** piety under Vehumet
  4203 | D:4      | Offered knowledge of Foxfire by Vehumet.
  4208 | D:4      | Learned a level 1 spell: Foxfire
  4308 | D:4      | Found a hazy altar of Hepliaklqana.
  4435 | D:4      | Found a bloodstained altar of Trog.
  4628 | D:5      | Entered Level 5 of the Dungeon
  4763 | D:5      | Noticed Menkaure
  4764 | D:5      | Found a sacrificial altar of Ru.
  4773 | D:5      | Killed Menkaure
  4774 | D:5      | Reached XP level 7. HP: 17/39 MP: 11/20
  5027 | D:5      | Learned a level 5 spell: Irradiate
  5307 | D:6      | Killed from afar by an orc priest

Illustrated notes

Levels and vault maps discovered:
D:1:      tarquinn_simple_flora_water_b, layout_loops_ring,
          hangedman_abyss_or_decor_lesser_grid, corexii_leaking_fountain
D:2:      layout_rooms
D:3:      layout_loops_cross, vehumet_altar_wand_db, kennysheep_orc_sif_temple,
          uniq_terence, uniq_natasha
D:4:      layout_basic, nemelex_dance_club_becter,
          mainiacjoe_overflow_cross_hatched, lemuel_tele_altar,
          gup_sewer_entry_glass
D:5:      layout_cave_pools, nicolae_ru_the_path_less_chosen, uniq_menkaure
D:6:      layout_cave_pods, mainiacjoe_overflow_alcove_2, tgw_kikubaaqudgha,
          minmay_temple_entry_statues_fountains, st_stairs_10

Skill      XL: |  1  2  3  4  5  6  7 |
---------------+----------------------+-----
Spellcasting   | 5 6 7 |  7.9
Fighting       | 1 2 |  2.0
Armour         | 1 |  1.0
Conjurations   | 2 3 |  3.8
Dodging        | 3 |  3.0
Stealth        | 3 |  3.1
Fire Magic     | 1 2 |  2.7
Transmutations | 1 |  1.1
Poison Magic   | 1 |  1.0
Air Magic      | 1 |  1.0
Shields        | |  0.2
Summonings     | |  1.1
Translocations | |  1.1
Evocations     | |  0.3

Action                     |  1- 3 |  4- 6 |  7- 9 || total
---------------------------+-------+-------+-------++-------
  Melee: Dagger            |    25 |    25 |       ||    50
         Punch             |     2 |       |       ||     2
   Cast: Magic Dart        |    99 |   116 |       ||   215
         Mephitic Cloud    |     1 |    12 |       ||    13
         Ignite Poison     |     1 |     7 |       ||     8
         Foxfire           |       |    11 |    34 ||    45
   Stab: Confused          |       |     2 |       ||     2
 Armour: Robe              |     7 |     7 |       ||    14
  Dodge: Dodged            |    21 |    32 |     1 ||    54

Table legend: (Time is in decaauts)
 A = Elapsed time spent in this place.
 B = Non-inter-level travel time spent in this place.
 C = Inter-level travel time spent in this place.
 D = Time resting spent in this place.
 E = Time spent auto-exploring this place.
 F = Levels seen in this place.
 G = Mean time per level.
                   A        B        C        D        E       F      G
               +--------+--------+--------+--------+--------+-----+--------+
         Total |   5349 |   5252 |     97 |    264 |   4196 |   7 |  764.1 |
       Dungeon |   4711 |   4614 |     97 |    213 |   3725 |   6 |  785.2 |
         Sewer |    637 |    637 |      0 |     51 |    470 |   1 |  637.0 |
               +--------+--------+--------+--------+--------+-----+--------+

Top non-repeatable levels by time:
     D:3: 1296 daAuts
     D:2: 918 daAuts
     D:1: 910 daAuts
     D:4: 908 daAuts
   Sewer: 637 daAuts
     D:5: 616 daAuts
     D:6: 61 daAuts
